[Event "Polish Youth G18 Championship 2023"]
[Site "Jastrzebia Gora"]
[Date "2023.03.13"]
[Round "2.1"]
[White "Starosta, Martyna"]
[Black "Arciszewska, Zuzanna"]
[Result "1-0"]
[ECO "E36"]
[WhiteElo "2138"]
[BlackElo "1750"]
[Annotator "TA"]
[PlyCount "83"]
[EventDate "2023.03.11"]
[EventType "swiss"]
[EventCountry "POL"]
[SourceTitle "playchess.com"]
[Source "ChessBase"]
[SourceQuality "1"]
[TimeControl "40/5400+30:1800+30"]

1. d4 Nf6 2. c4 e6 3. Nc3 Bb4 4. Qc2 d5 5. a3 Bxc3+ 6. Qxc3 b6 {[%emt 0:03:17] 6...0-0 is becoming the main line.} 7. Bg5 {[%emt 0:09:07] E36: Nimzo-Indian: Classical: 4...d5 5 a3.} c6 8. cxd5 exd5 {[%emt 0:00:43] [#]} 9. Nf3 $146 {[%emt 0:02:25] White is slightly better.} ({Predecessor:} 9. e3 h6 10. Bh4 Bf5 11. Rc1 O-O 12. Bd3 Bxd3 13. Qxd3 c5 14. dxc5 bxc5 15. Rxc5 {½-½ Lang,F (1988)-Afloarei,J (1887) EU A/Cup C19/pr11 email 2019}) 9... Bb7 {[%emt 0:03:59] Black is weak on the dark squares} (9... h6 $11 10. Bh4 O-O) 10. Ne5 Qd6 11. Bxf6 Qxf6 12. e3 O-O 13. b4 Qe6 14. Be2 f6 15. Bg4 {[%emt 0:04:03] White is more active.} Qd6 16. Nd3 Nd7 17. Bf5 Rfe8 (17... g6 $5 18. Bg4 Ba6 $11) 18. Rc1 Nf8 19. O-O Bc8 20. Bxc8 (20. Qxc6 $2 Qxc6 21. Bxh7+ Kxh7 $19) 20... Raxc8 21. Qb3 Rc7 22. Rc3 Ne6 23. Rfc1 Rec8 24. Qc2 g6 25. f3 Kg7 26. Qa4 Kf8 27. Qa6 g5 28. b5 (28. Nf2 {simplifies} Qe7 29. Qd3 c5 30. dxc5 bxc5 31. bxc5 Rxc5 32. Rxc5 Rxc5 33. Rd1) 28... c5 29. dxc5 Nxc5 30. Nxc5 Rxc5 31. Qxc8+ Rxc8 32. Rxc8+ $11 {[%emt 0:00:07][%mdl 4096] Endgame KQ-KRR} Kf7 $2 {[%emt 0:00:33][%mdl 8192] [#]} (32... Kg7 $1 $11 {and Black has nothing to worry.}) 33. R1c7+ $18 Kg6 34. Rg8+ (34. Rxa7 Qe6 35. Rd8 (35. Rc3 d4 $19) 35... Qxe3+ 36. Kf1 Qd3+ 37. Ke1 Qd4 $15) 34... Kh6 35. Rgg7 (35. Rxa7 Qe6 36. Rgg7 Qxe3+ 37. Kf1 Qd3+ 38. Kf2 Qd4+ 39. Kf1 Qd1+ 40. Kf2 Qd2+ 41. Kf1 Qd3+ 42. Kg1 Qe3+ 43. Kf1 Qd3+ $11) 35... Qxa3 36. Rge7 ({White has to play} 36. Rxh7+ $18 Kg6 37. Rcg7+ (37. Rxa7 Qxe3+ 38. Kf1 Qb3 $15) 37... Kf5 38. Re7 (38. Rxa7 Qxe3+ 39. Kf1 Qd4 $15) (38. g4+ Ke5 $11) 38... Qc1+ 39. Kf2) 36... d4 $2 {[%emt 0:02:38][%mdl 8192] [#]} 37. g4 $1 ({Inferior is} 37. exd4 Qa1+ 38. Kf2 Qxd4+ 39. Kf1 Qd1+ 40. Kf2 Qd4+ 41. Kf1 Qd1+ 42. Kf2 Qd4+ $11) ({Not} 37. Rxh7+ Kg6 38. e4 (38. Rxa7 Qc1+ 39. Kf2 dxe3+ 40. Kg3 e2 41. Kh3 e1=Q 42. Rag7+ Kf5 43. Rf7 Qce3) (38. exd4 Qa1+ 39. Kf2 Qxd4+ 40. Kf1 Qd1+ 41. Kf2 Qd4+ 42. Kg3 Kf5 $11) 38... f5 $14) 37... Qd3 38. Rxh7+ ({Stronger than} 38. Rxa7 Qd1+ 39. Kf2 Qd2+ 40. Kg3 Qe1+ 41. Kh3 Qf1+ 42. Kg3 Qg1+ 43. Kh3 Qf1+ 44. Kg3 Qg1+ 45. Kh3 Qf1+ $11) 38... Qxh7 39. Rxh7+ Kxh7 40. exd4 Kg7 41. Kf2 Kf7 42. Ke3 {[%emt 0:00:23] Weighted Error Value: White=0.15 (very precise) /Black=0.44} 1-0

[Event "Polish Youth G18 Championship 2023"]
[Site "Jastrzebia Gora"]
[Date "2023.03.13"]
[Round "2.2"]
[White "Uliasz, Katarzyna"]
[Black "Goraj, Barbara"]
[Result "1/2-1/2"]
[ECO "A08"]
[WhiteElo "1670"]
[BlackElo "2130"]
[Annotator "TA"]
[PlyCount "136"]
[EventDate "2023.03.11"]
[EventType "swiss"]
[EventCountry "POL"]
[SourceTitle "playchess.com"]
[Source "ChessBase"]
[SourceQuality "1"]
[TimeControl "40/5400+30:1800+30"]

1. g3 d5 2. Nf3 c5 3. Bg2 Nf6 4. O-O Nc6 5. d3 e6 6. Nbd2 b6 7. e4 Bb7 8. Re1 Be7 9. c3 h6 10. h4 {[%emt 0:09:32] C00: French: Unusual White 2nd moves.} a5 11. e5 Nd7 {[%emt 0:01:21] [#]} 12. h5 $146 (12. a4 $11) ({Predecessor:} 12. Nf1 b5 13. Qd2 Nb6 14. Qf4 Qd7 15. h5 a4 16. Qg4 Bf8 17. Be3 a3 18. b3 {1-0 Kislinsky,A (2336)-Kosikov,A (2415) Kiev Independence Cup-A 2nd 2002 (9)}) 12... Qc7 13. Qe2 Ba6 14. Nf1 O-O-O (14... b5 $15) 15. Bd2 Rdg8 16. a4 (16. Rab1 $11) 16... g6 17. hxg6 Rxg6 18. Rac1 Kb8 19. Bf4 Ka7 (19... Bg5 $17) 20. Ne3 $15 Qd8 $1 21. Nc2 Bg5 22. Bxg5 (22. Qd2 $142) 22... hxg5 $17 23. b4 g4 $1 (23... cxb4 $6 24. Ncd4 Ndb8 25. Nb5+ Ka8 26. c4 $11) 24. Nh4 (24. Nd2 $17 cxb4 25. Nd4 Nxd4 26. cxd4) 24... Ncxe5 $2 (24... Rxh4 $1 $19 25. b5 (25. gxh4 $2 Ncxe5 26. b5 Nf3+ 27. Kf1 Nh2+ 28. Kg1 Qxh4 $19) 25... Ncxe5 26. gxh4 Qxh4) 25. Nxg6 $16 Nxg6 (25... Bxd3 $2 26. Nxe5 Bxe2 27. Nc6+ (27. Nxf7 Qf6 $11) 27... Kb7 28. Nxd8+ $18) 26. b5 (26. Qxg4 $6 Nge5 27. Qf4 Nxd3 28. Qxf7 Nxc1 29. Rxc1 Qe8 $11) (26. bxa5 $16 bxa5 27. Na3 (27. Qxg4 Bxd3 28. Nd4 Qf6 $14)) 26... Bb7 $11 27. Qxg4 Nge5 (27... Nde5 $1 $11 {remains equal.} 28. Qe2 d4 29. Bxb7 Kxb7) 28. Qe2 $16 Qg8 29. d4 Nc4 30. Ne3 $1 Nd6 31. Qg4 Qh7 32. Red1 (32. Kf1 $142) 32... Ne4 (32... cxd4 $2 33. cxd4 Qh2+ 34. Kf1 $18) 33. Bxe4 (33. Qh4 $16) 33... dxe4 (33... f5 $1 $11 34. Qh4 Qg7) 34. Kf1 $1 $18 (34. Qh4 Qg7 35. Qg4 Qxg4 36. Nxg4 e3 37. fxe3 (37. Nxe3 $2 Rh1#) 37... Bf3 $16) 34... f5 35. Qf4 (35. Qh4 $6 Qxh4 36. gxh4 f4 $14) 35... Qh5 36. Ke1 $1 Rc8 (36... Rh7 $16 37. Kd2 Qf7) 37. Kd2 Nf6 (37... cxd4 $2 38. cxd4 Rf8 39. Qd6 $18) 38. Rh1 Qf7 39. Qh6 $2 (39. dxc5 $18 Rxc5 40. Rh8) 39... Qe7 (39... Ng4 $1 $11 40. Nxg4 fxg4) 40. Ke2 ({White should play} 40. dxc5 $1 {Black must now prevent c6.} Rxc5 41. Ke2 (41. Ke1 Nd5 $14)) 40... cxd4 $16 41. cxd4 {[%emt 0:06:35] aiming for Rxc8.} Rd8 {[%emt 0:04:46] Repels Rxc8} 42. Rhd1 (42. Kf1 $1 $16) 42... Nh7 $2 {[%emt 0:03:32][%mdl 8192] Against Qg5} (42... Ng4 $11 {and Black has nothing to worry.} 43. Nxg4 fxg4) 43. Qf4 Rd7 44. Rc4 $2 ({Better is} 44. Nc4 $18) 44... Ng5 $1 $14 45. d5 {[%emt 0:12:33] Threatens to win with Qe5.} exd5 $2 {[%emt 0:03:13] [#]} (45... Nf3 $1 $14) 46. Nxd5 $2 Qa3 $11 {[%emt 0:02:34] ...Qa2+ is the strong threat.} (46... Rxd5 $2 47. Rxd5 Qf7 48. Rdd4 $18) 47. Rc3 (47. Qxf5 $2 {loses.} Qa2+ 48. Ke3 Rf7 $19) 47... Qxa4 48. Qxg5 Qxb5+ (48... Rxd5 $2 49. Rxd5 Bxd5 50. Rc7+ (50. Qxf5 Qxb5+ 51. Ke3 Qf1 $16) 50... Bb7 51. Qxf5 Qa2+ 52. Ke3 $18 (52. Kf1 e3 $18)) 49. Ke3 $1 Rxd5 50. Rxd5 Qxd5 {[%emt 0:00:19][%mdl 4096] Endgame KQR-KQB} 51. Qf6 a4 (51... Qd1 $5 52. Kf4 $8 Qg4+ 53. Ke5 Qe2 $11) 52. Kf4 $2 {[%emt 0:00:34] [#] Active counter play!} (52. Qd4 $11 {and White is okay.} Qb5 53. Kf4) 52... Qd2+ $2 (52... b5 $1 $19 53. Qe5 Qd2+ 54. Kxf5 Qxf2+ 55. Kg5 Qd2+ 56. Kf5 Qd7+ 57. Kf4 Qd2+ 58. Kf5 Ka6) 53. Kxf5 $15 Qxf2+ 54. Ke5 $2 {[%emt 0:00:11][%mdl 8192] [#]} (54. Ke6 $15 Qa2+ 55. Ke7) 54... Qd2 $1 $19 55. Ke6 e3 {[%emt 0:05:34] ( -> ...e2)} 56. Qe5 Qa2+ $2 (56... e2 $19 57. Re3 Bf3) 57. Kf6 $1 $11 {[%emt 0:00:30] The position is equal.} Qf2+ 58. Ke7 Ka6 {[%emt 0:01:27] And now ...e2 would win.} (58... e2 $5 59. Re3 $8 Bf3 60. Qc7+ Bb7 $11) 59. Rxe3 Bc6 60. Re2 Qf3 61. Re3 Qd5 62. Qxd5 Bxd5 {[%emt 0:00:04] KR-KB} 63. Kd6 Bc4 64. g4 Ka5 65. Kc6 Bb5+ 66. Kb7 Bc4 67. Kc6 Bb5+ 68. Kb7 (68. Kd5 $5 Kb4 $8 69. Re4+ Kc3 70. g5 $11) 68... Bc4 {[%emt 0:00:27] What a fight!   Weighted Error Value: White=0.58/Black=0.47} 1/2-1/2

[Event "Polish Youth G18 Championship 2023"]
[Site "Jastrzebia Gora"]
[Date "2023.03.13"]
[Round "2.3"]
[White "Zabrzanska, Weronika"]
[Black "Bugaj, Hanna"]
[Result "1-0"]
[ECO "C02"]
[WhiteElo "2021"]
[BlackElo "1639"]
[Annotator "TA"]
[PlyCount "45"]
[EventDate "2023.03.11"]
[EventType "swiss"]
[EventCountry "POL"]
[SourceTitle "playchess.com"]
[Source "ChessBase"]
[SourceQuality "1"]
[TimeControl "40/5400+30:1800+30"]

1. e4 e6 2. d4 d5 3. e5 c5 4. c3 Qb6 5. Nf3 Bd7 6. Bd3 Bb5 7. dxc5 Bxc5 8. O-O Bxd3 9. Qxd3 Nc6 10. b4 {[%emt 0:01:27] C02: French: Advance Variation.} Be7 11. a4 {[%emt 0:05:00] [#]} f6 $146 (11... a6 $11 {keeps the balance.}) ({Predecessor:} 11... h5 12. Re1 Nh6 13. a5 Qc7 14. Na3 a6 15. h3 Nf5 16. Bd2 Rg8 17. g4 hxg4 18. hxg4 {0-1 Demin,V (2430)-Yoo,C (2455) Titled Tuesday intern op 18th May blitz 2021 (7)}) 12. Re1 (12. exf6 $16 Nxf6 13. Re1) 12... Nxe5 $11 13. Nxe5 fxe5 14. Rxe5 {[%emt 0:01:01] Strongly threatening Qh3.} Kf7 (14... Bf6 $11 {remains equal.} 15. a5 Qc6) 15. Nd2 $16 {[%emt 0:04:44][%cal Bb1d2,Bd2f3,Bf3e5,Be5g6][%mdl 32] White is more active.} Nf6 (15... Bf6 $16 {might work better.} 16. Re2 (16. Qf3 Ne7 $11) 16... Ne7) 16. Nf3 $18 {[%emt 0:04:00] [#] aiming for Ng5+.} ({Worse is} 16. Qf3 Bd6 17. Re2 (17. a5 Qc7 $15) 17... e5 $11) 16... Ng4 (16... h6 $16 {was necessary.}) 17. Re2 {[%emt 0:02:14] h3 would be deadly.} Bf6 18. h3 Nh6 19. g4 {[%emt 0:03:35] Dodges Nf5} ({Don't do} 19. Ng5+ Bxg5 20. Bxg5 Rae8 21. Bxh6 gxh6 $18) 19... Rac8 20. Bd2 ({Don't play} 20. Ng5+ Bxg5 21. Bxg5 Rce8 $18) 20... Bd8 $2 (20... Qc6 21. g5 Nf5) 21. Ne5+ {[%emt 0:06:44] White is clearly winning.} Ke8 22. Rae1 Bc7 {[%emt 0:04:13] [#]} 23. Ng6 $1 {[%emt 0:02:49][%mdl 576] Discovered Attack.   Weighted Error Value: White=0.20 (precise) /Black=0.63} 1-0

[Event "Polish Youth G18 Championship 2023"]
[Site "Jastrzebia Gora"]
[Date "2023.03.13"]
[Round "2.4"]
[White "Lochina, Justyna"]
[Black "Hertlein, Irena"]
[Result "1/2-1/2"]
[ECO "B57"]
[WhiteElo "1645"]
[BlackElo "1994"]
[Annotator "TA"]
[PlyCount "88"]
[EventDate "2023.03.11"]
[EventType "swiss"]
[EventCountry "POL"]
[SourceTitle "playchess.com"]
[Source "ChessBase"]
[SourceQuality "1"]
[TimeControl "40/5400+30:1800+30"]

1. e4 {[%emt 0:00:01] ChessBase} c5 2. Nf3 Nc6 3. d4 cxd4 4. Nxd4 Nf6 5. Nc3 d6 6. Bc4 Qb6 7. Nb3 e6 8. O-O Be7 9. Be3 Qc7 10. f4 a6 11. Bd3 b5 12. Qf3 O-O 13. a4 b4 {[%emt 0:21:23] B82: Sicilian Scheveningen: 6 f4.} 14. Ne2 e5 15. f5 d5 16. Ng3 {[%emt 0:06:01] [#]} dxe4 $146 (16... d4 $5 17. Bg5 Nb8 $11) ({Predecessor:} 16... Na5 17. exd5 Bb7 18. Ne4 Nc4 19. Bg5 Nxb2 20. d6 Qxd6 21. Nxd6 Bxf3 22. Rxf3 Bxd6 23. Bxf6 gxf6 {0-1 Spassky,B-Tal,M Candidates f Spassky-Tal +4-1=6 1965 (2)}) 17. Nxe4 (17. Bxe4 Bb7 $11) 17... Rb8 (17... Bb7 $14) 18. Nxf6+ Bxf6 19. Be4 {White has more active pieces. The black rooks are badly placed.} Na5 (19... Bb7 $14) 20. Nxa5 $18 Qxa5 {Black is weak on the light squares} 21. Ba7 Rb7 (21... Bd7 {was necessary.}) 22. Bxb7 Qc7 23. Bxc8 {[%emt 0:03:00] [#] Threatens to win with Bb7.} Qxa7+ 24. Qf2 Qxf2+ 25. Rxf2 Rxc8 {[%emt 0:00:04][%mdl 4096] Endgame KRR-KRB} 26. Rd1 Be7 27. Rfd2 Bc5+ 28. Kf1 {[%emt 0:00:36] Black must now prevent Rd8+.} Bd4 29. b3 (29. c3 $18 bxc3 30. Rc2) 29... Kf8 (29... g6 $16) 30. Rxd4 ({White should play} 30. g4 $18) 30... exd4 $16 31. Rxd4 $18 {[%emt 0:02:50] KR-KR} a5 {[%emt 0:00:15] [#]} (31... Rxc2 $16 32. Rxb4 Rc5) 32. Rd2 $2 (32. Rc4 $1 $18 Rd8 33. Rc5) 32... Rc5 $14 33. g4 h5 34. h3 Ke7 35. Ke2 ({But not} 35. gxh5 Rxf5+ 36. Kg2 Rg5+ 37. Kf3 Rxh5 $15) 35... Rc3 {[%emt 0:06:53] The position is equal.} 36. gxh5 Rc5 $1 37. Kf3 Rxf5+ 38. Kg4 Re5 39. Rf2 Ke6 40. Rf4 Rc5 41. Re4+ Kd6 {[%emt 0:17:07] ( -> ...f5+)} 42. Rf4 Ke6 43. Re4+ Kd6 {[%emt 0:07:54] ...f5+ is the strong threat.} 44. Rf4 Ke6 {[%emt 0:08:45] Blacks defense is rewarded with a draw.   Weighted Error Value: White=0.22 (precise) /Black=0.28 (precise)} 1/2-1/2

[Event "Polish Youth G18 Championship 2023"]
[Site "Jastrzebia Gora"]
[Date "2023.03.13"]
[Round "2.5"]
[White "Mroz, Lena"]
[Black "Bukala, Weronika"]
[Result "1-0"]
[ECO "B13"]
[WhiteElo "1635"]
[BlackElo "1899"]
[Annotator "NA RC COMBH"]
[PlyCount "141"]
[EventDate "2023.03.11"]
[EventType "swiss"]
[EventCountry "POL"]
[SourceTitle "playchess.com"]
[Source "ChessBase"]
[SourceQuality "1"]
[TimeControl "40/5400+30:1800+30"]

1. e4 c6 2. d4 d5 3. exd5 cxd5 4. Bd3 Nc6 5. c3 Nf6 6. Ne2 g6 7. O-O Bf5 8. f3 Bxd3 9. Qxd3 Bg7 10. Be3 O-O 11. Nd2 Rc8 12. Nb3 Nd7 13. Rad1 Nb6 14. Bf4 Nc4 15. Qb1 N6a5 ({Black should try} 15... Re8 $15) 16. Nxa5 Qxa5 17. Kh1 b5 18. a3 Qb6 19. Nc1 f6 20. Rfe1 e5 21. Bg3 exd4 22. Rxd4 f5 23. Rxd5 f4 24. Bh4 Ne3 25. Bf2 Rce8 26. Bxe3 Rxe3 27. Rxe3 Qxe3 28. Rd1 Re8 29. Nd3 Rd8 30. Qc2 g5 31. Qd2 Qe6 32. Qc2 Re8 33. h3 Qc4 34. Qd2 a5 35. Kg1 Rd8 36. Kh1 Re8 37. Kh2 Bf6 38. Kh1 Kg7 39. Kg1 Bd8 40. Kh2 Bb6 41. Nf2 Rd8 {[%emt 0:13:14] [#]} 42. Qe1 $1 Rxd1 43. Nxd1 Qc5 44. b4 Qd6 45. Nf2 h5 $2 ({Black should play} 45... a4 $1 $14) 46. Ne4 Qe7 47. c4 axb4 48. axb4 Qe5 49. c5 Bc7 50. Qd2 g4 51. hxg4 hxg4 52. Qd7+ Kf8 53. Qxg4 Ke7 54. Kh3 Qa1 55. Qg5+ Kf7 56. Qf5+ Ke7 57. Qg5+ Kf7 $1 58. Qd5+ Kf8 59. Kh2 Qh8+ 60. Kg1 Qa1+ 61. Kf2 Be5 62. Qd8+ Kg7 63. Qd7+ Kf8 64. Qd2 Bd4+ 65. Ke2 Be3 66. Qd8+ Kg7 67. Qg5+ Kf7 68. Nd6+ Ke6 69. Qf5+ Ke7 70. Qf7+ Kd8 71. Qe8+ 1-0

[Event "Polish Youth G18 Championship 2023"]
[Site "Jastrzebia Gora"]
[Date "2023.03.13"]
[Round "2.6"]
[White "Nowak, Roksana"]
[Black "Jedrzejko, Martyna"]
[Result "0-1"]
[ECO "C10"]
[WhiteElo "1816"]
[BlackElo "1629"]
[Annotator "NA RC COMBH"]
[PlyCount "98"]
[EventDate "2023.03.11"]
[EventType "swiss"]
[EventCountry "POL"]
[SourceTitle "playchess.com"]
[Source "ChessBase"]
[SourceQuality "1"]
[TimeControl "40/5400+30:1800+30"]

1. e4 e6 2. d4 d5 3. Nc3 dxe4 4. Nxe4 Bd7 5. Nf3 Bc6 6. Bd3 Nd7 7. O-O Ngf6 8. Ng3 Be7 {[%emt 0:01:15] 8...g6 deserves study.} 9. b3 O-O 10. Bb2 b6 11. c4 Bb7 12. Qe2 c5 13. Rad1 Qc7 (13... Bxf3 $14 14. Qxf3 cxd4) 14. Ne4 Nxe4 15. Bxe4 Bxe4 16. Qxe4 cxd4 17. Nxd4 Nf6 18. Qf3 a6 {[%emt 0:02:23] [#]} (18... Rac8 $11) 19. h4 $146 ({Predecessor:} 19. Rd3 Rad8 20. Rfd1 h6 21. Nc6 Rxd3 22. Nxe7+ Qxe7 23. Qxd3 Qb7 24. Qe3 Kh7 25. Bxf6 gxf6 26. Rd6 {1-0 Iskusnyh,S (2481)-Erukov,N (2116) Novokuznetsk op 2011 (1)}) 19... Rac8 20. h5 h6 21. Bc1 Qc5 22. g4 Nh7 23. Be3 {[%emt 0:03:14] [#]} Qc7 $11 (23... Bg5 $1 $17) 24. Qg2 Bc5 25. g5 hxg5 26. Bxg5 Nxg5 27. Qxg5 Bxd4 28. Rxd4 Qc5 29. Qh4 Qf5 30. Rg4 Rc5 31. h6 g6 32. b4 Re5 33. h7+ Kg7 34. Rg3 Re4 35. Qe7 Rh8 36. Qd6 Rxh7 37. f4 Qh5 38. Rg2 Qh1+ 39. Kf2 Re2+ 40. Kxe2 Qxg2+ 41. Rf2 Qe4+ 42. Kd2 Rh5 43. Qc7 Qd4+ 44. Ke2 Qb2+ 45. Kf3 Qxb4 46. Ke2 Qb2+ 47. Kf3 Qc3+ 48. Ke2 Qc2+ 49. Kf3 Qd3+ 0-1

[Event "Polish Youth G18 Championship 2023"]
[Site "Jastrzebia Gora"]
[Date "2023.03.13"]
[Round "2.7"]
[White "Skolska, Emilia"]
[Black "Lukasik, Zuzanna"]
[Result "1-0"]
[ECO "B23"]
[WhiteElo "1586"]
[BlackElo "1781"]
[Annotator "NA RC COMBH"]
[PlyCount "99"]
[EventDate "2023.03.11"]
[EventType "swiss"]
[EventCountry "POL"]
[SourceTitle "playchess.com"]
[Source "ChessBase"]
[SourceQuality "1"]
[TimeControl "40/5400+30:1800+30"]

1. e4 c5 2. Nc3 Nc6 3. f4 d6 4. Nf3 e6 5. Bb5 a6 6. Bxc6+ bxc6 7. O-O d5 8. d3 Nf6 9. Qe1 Be7 10. e5 Nd7 11. Qg3 g6 12. f5 exf5 13. Bh6 Bf8 14. e6 fxe6 15. Bg5 Be7 16. Rae1 Nf8 17. Bf4 Ra7 18. Re2 Bf6 19. Na4 Qa5 20. b3 Rg8 21. h4 Bd7 22. Bd6 Be7 23. Bxe7 Kxe7 24. Qg5+ Ke8 25. Qf6 Qd8 26. Qe5 Qc7 27. Qxc7 Rxc7 28. Nxc5 Bc8 29. Rfe1 h6 30. Nd4 Kf7 31. Ndxe6 Nxe6 32. Nxe6 Bxe6 33. Rxe6 Rgc8 34. Rd6 h5 35. Ree6 Re7 36. Rxe7+ Kxe7 37. Rxg6 Kf7 38. Rh6 Kg7 39. Rxh5 Kg6 40. Rg5+ Kf6 41. Kf2 Rh8 42. g3 f4 43. Rg4 fxg3+ 44. Kxg3 Re8 45. h5 Kf5 46. Rg6 Rc8 47. Rg7 Rh8 48. Kh4 Rh6 49. Rf7+ Ke6 50. Ra7 1-0

[Event "Polish Youth G18 Championship 2023"]
[Site "Jastrzebia Gora"]
[Date "2023.03.13"]
[Round "2.8"]
[White "Kucharska, Helena"]
[Black "Bialek, Alicja"]
[Result "1-0"]
[ECO "B52"]
[WhiteElo "1779"]
[BlackElo "1576"]
[Annotator "NA RC COMBH"]
[PlyCount "79"]
[EventDate "2023.03.11"]
[EventType "swiss"]
[EventCountry "POL"]
[SourceTitle "playchess.com"]
[Source "ChessBase"]
[SourceQuality "1"]
[TimeControl "40/5400+30:1800+30"]

1. e4 c5 2. Nf3 d6 3. Bb5+ Bd7 4. Bxd7+ Qxd7 5. c4 e5 6. Nc3 Nc6 7. O-O g6 8. d3 Bg7 9. Rb1 Nf6 10. a3 O-O 11. b4 b6 12. Bd2 Nh5 13. Nd5 Ne7 14. bxc5 bxc5 15. Qc2 f5 16. Rb3 Nc6 17. Rfb1 fxe4 18. dxe4 Nd4 19. Nxd4 exd4 20. f3 Qa4 21. Qd3 Nf6 22. Nc7 Rac8 23. Rb7 Nd7 24. Ne6 Rf7 25. f4 Bh6 26. h4 Nb6 27. Rxf7 Kxf7 28. Rc1 Qd7 29. f5 Bxd2 30. Qxd2 Qe7 31. Qh6 gxf5 32. exf5 Kg8 33. Rf1 Qf7 34. f6 Nd7 35. Ng5 Qg6 36. f7+ Kh8 37. f8=Q+ Nxf8 38. Rxf8+ Rxf8 39. Qxf8+ Qg8 40. Nf7# 1-0

[Event "Polish Youth G18 Championship 2023"]
[Site "Jastrzebia Gora"]
[Date "2023.03.13"]
[Round "2.9"]
[White "Kaznowska, Kinga"]
[Black "Krzyzosiak, Marta"]
[Result "1/2-1/2"]
[ECO "B90"]
[WhiteElo "1352"]
[BlackElo "1778"]
[Annotator "NA RC COMBH"]
[PlyCount "132"]
[EventDate "2023.03.11"]
[EventType "swiss"]
[EventCountry "POL"]
[SourceTitle "playchess.com"]
[Source "ChessBase"]
[SourceQuality "1"]
[TimeControl "40/5400+30:1800+30"]

1. e4 c5 2. Nf3 d6 3. d4 cxd4 4. Nxd4 Nf6 5. Nc3 a6 6. Be3 e5 7. Nf3 Be7 8. Bc4 Be6 9. Bd5 Bxd5 10. Nxd5 Nxd5 11. Qxd5 Nc6 12. O-O-O O-O 13. Qb3 b5 14. a3 Rc8 15. Rd5 Na5 16. Qd3 Nc4 17. b4 Qc7 18. Re1 Nxa3 19. Re2 Nc4 20. Nd2 Nxd2 21. Bxd2 Qc4 22. Kb2 Qxd3 23. Rxd3 Rc4 24. Ra3 Rfc8 25. c3 R4c6 26. Re1 Ra8 27. Rea1 Bd8 28. f3 Kf8 29. f4 exf4 30. Bxf4 Bf6 31. Rd1 Ke7 32. h3 Rac8 33. Rd3 g5 34. Bh2 h6 35. Kc2 Ke6 36. Kd2 Rd8 37. Rd5 Rdc8 38. Rd3 Be5 39. Bxe5 dxe5 40. g4 R8c7 41. Rd5 Rd7 42. Rxd7 Kxd7 43. Ra1 Rd6+ 44. Ke2 Ke7 45. Rf1 f6 46. Ra1 Kd7 47. Ra2 Kc7 48. Ra5 Kb6 49. Ra1 Rc6 50. Kd2 Rc7 51. Rf1 Rf7 52. Ra1 Rd7+ 53. Kc2 Rd6 54. Ra2 Kc7 55. Ra1 Kd7 56. Rf1 Ke7 57. Rd1 Rxd1 58. Kxd1 Kd6 59. Kc2 Kc6 60. Kb3 Kb6 61. c4 bxc4+ 62. Kxc4 Kc6 63. Kc3 Kb5 64. Kb3 Kb6 65. Ka4 Kc6 66. Kb3 Kb6 1/2-1/2

[Event "Polish Youth G18 Championship 2023"]
[Site "Jastrzebia Gora"]
[Date "2023.03.13"]
[Round "2.10"]
[White "Barwinska, Ewa"]
[Black "Sivickis, Kornelia"]
[Result "1-0"]
[ECO "A06"]
[WhiteElo "1963"]
[BlackElo "1328"]
[Annotator "TA"]
[PlyCount "63"]
[EventDate "2023.03.11"]
[EventType "swiss"]
[EventCountry "POL"]
[SourceTitle "playchess.com"]
[Source "ChessBase"]
[SourceQuality "1"]
[TimeControl "40/5400+30:1800+30"]

1. Nf3 d5 2. g3 g6 3. Bg2 c5 4. d4 Bg7 5. O-O Nc6 6. dxc5 {[%emt 0:09:34][%cal Oc2c4] D02: 1 d4 d5 2 Nf3 sidelines, including 2...Nf6 3 g3 and 2...Nf6 3 Bf4.} Nf6 7. c3 a5 8. Na3 {[%emt 0:04:00][%cal Bb1a3,Ba3b5,Bb5d6][%mdl 32] White is slightly better.} O-O 9. Nb5 Ne4 (9... a4 $11 {remains equal.}) 10. Be3 {[%emt 0:02:22] [#] Black is on the road to losing.} e5 $146 ({Better is} 10... a4 $14) ({Predecessor:} 10... a4 11. Nd2 a3 12. Nxe4 axb2 13. Rb1 dxe4 14. Qxd8 Rxd8 15. Rxb2 f5 16. f3 Ne5 {½-½ Ostapets,D (1755)-Loy,K (2145) Zaporozhye Ermak Cup 7th 2011 (7)}) 11. Nd2 $16 Nxd2 (11... Nf6 $16 {was necessary.}) 12. Qxd2 $18 (12. Bxd2 $6 Be6 $16) 12... Be6 13. Nd6 d4 14. cxd4 ({Stronger than} 14. Nxb7 Qc7 15. Nd6 (15. cxd4 $2 exd4 16. Bf4 Qxb7 $19) 15... dxe3 16. Qxe3 Rab8 $17) 14... exd4 15. Bh6 (15. Nxb7 $2 {perishes.} Qc7 16. Bf4 (16. Bxc6 $2 Qxc6 17. Nxa5 Qxc5 $19) 16... Qxb7 $19) 15... Bxh6 16. Qxh6 Qd7 17. Qh4 f5 18. Qf4 Rad8 19. e3 dxe3 (19... b6) 20. Qxe3 (20. fxe3 b6 $16) 20... Bf7 21. Rad1 Qc7 22. Qc3 Rd7 23. h4 Nd8 {[%emt 0:09:50] [#]} (23... h5 $142 24. Nxf7 Rdxf7) 24. h5 $1 Ne6 (24... a4 25. Rfe1) 25. Nxb7 ({Not} 25. Bxb7 Qxc5 26. Nxf7 Qxc3 27. bxc3 Rxb7 $16) 25... Rc8 26. c6 Re7 27. h6 Be8 28. Nd6 {[%emt 0:02:46] [#] White wants to mate with Nxe8.} Rd8 29. Nxe8 Rdxe8 30. Bd5 {[%emt 0:00:20] White mates.} Rf7 31. Rfe1 Ng7 32. Qxg7# {[%mdl 64] Pin.   Weighted Error Value: White=0.16 (very precise) /Black=0.86} 1-0

[Event "Polish Youth G18 Championship 2023"]
[Site "Jastrzebia Gora"]
[Date "2023.03.13"]
[Round "2.11"]
[White "Obrochta, Lena"]
[Black "Labedz, Gabriela"]
[Result "0-1"]
[ECO "B34"]
[WhiteElo "1673"]
[BlackElo "1425"]
[Annotator "NA RC COMBH"]
[PlyCount "102"]
[EventDate "2023.03.11"]
[EventType "swiss"]
[EventCountry "POL"]
[SourceTitle "playchess.com"]
[Source "ChessBase"]
[SourceQuality "1"]
[TimeControl "40/5400+30:1800+30"]

1. e4 c5 2. Nf3 Nc6 3. d4 cxd4 4. Nxd4 g6 5. Nc3 Bg7 6. Nb3 Nf6 7. Be2 O-O 8. O-O a5 9. a4 Nb4 10. Bg5 d5 11. exd5 Nfxd5 12. Nxd5 Nxd5 13. Bf3 Nb6 14. Qxd8 Rxd8 15. Bxe7 Re8 16. Bc5 Nc4 17. Nd4 Nxb2 18. Nb5 Be5 19. Rfe1 Bf5 20. Rxe5 Rxe5 21. Bd4 Nc4 22. Bxe5 Nxe5 23. Nd4 Nxf3+ 24. gxf3 Bh3 25. c4 Rd8 26. Nb5 Rd3 27. f4 b6 28. Rc1 Bd7 29. Rc3 Rxc3 30. Nxc3 Be6 31. Kg2 Bxc4 32. Kf3 Kf8 33. Ke4 Ke7 34. Kd4 Bb3 35. Ke3 Ke6 36. Ke4 Bc2+ 37. Ke3 Kf5 38. Kf3 Bb3 39. h3 h5 40. Ke3 h4 41. Kf3 Bc4 42. Ke3 Bf1 43. Ne4 f6 44. Nd2 Bxh3 45. Nf3 g5 46. fxg5 fxg5 47. Nd4+ Kf6 48. Ne2 Bd7 49. Nc3 Bc6 50. f3 Kf5 51. Kf2 Kf4 0-1